 Dungeon Crawl Stone Soup version 0.30-a0-1035-g38d5fb2972 (webtiles) character file.

Game seed: 16441031156837368849

412 domi the Grave Robber (level 6, -1/41 HPs)
             Began as a Mummy Necromancer on Apr 8, 2023.
             Slain by Blork the orc
             ... wielding a +0 dire flail
              (3 damage)
             ... on level 4 of the Dungeon.
             The game lasted 00:08:08 (4040 turns).

domi the Grave Robber (Mummy Necromancer)           Turns: 4040, Time: 00:08:09

Health: -1/41      AC:  3    Str: 11    XL:     6   Next: 59%
Magic:  2/10       EV: 11    Int: 20    God:
Gold:   194        SH:  4    Dex: 12    Spells: 2/10 levels left

rFire   . . .      SeeInvis .    p - +6 hand axe "Tewkaycs" {flame, rF+}
rCold   + . .      Faith    +    j - +0 buckler
rNeg    + + +      Spirit   .    a - +0 robe
rPois   ∞          Reflect  .    k - +0 helmet {Int+3}
rElec   .          Rampage  .    (no cloak)
rCorr   .                        (no gloves)
Will    .....                    (no boots)
Stlth   ++                       (no amulet)
HPRegen 0.26/turn                (no ring)
MPRegen 0.12/turn                (no ring)

@: animating dead
A: cold resistance 1, negative energy resistance 3, torment resistance 2, heat
vulnerability 1, in touch with death 1, no potions, faith
a: no special abilities


You were on level 4 of the Dungeon.
You visited 1 branch of the dungeon, and saw 4 of its levels.

You collected 194 gold pieces.

Inventory:

Hand Weapons
 m - a +1 heavy hand axe
   (You took it off an orc on level 3 of the Dungeon)
 p - the +6 hand axe "Tewkaycs" (weapon) {flame, rF+}
   (You found it on level 4 of the Dungeon)

   rF:        It protects you from fire.
Missiles
 b - 18 poisoned darts
Armour
 a - a +0 robe (worn)
 j - a +0 buckler (worn)
   (You found it on level 3 of the Dungeon)
 k - a +0 helmet of intelligence (worn)
   (You found it on level 3 of the Dungeon)
Magical Staves
 d - a staff of cold {rC+}
   (You found it on level 1 of the Dungeon)
Wands
 g - a wand of flame (8)
   (You found it on level 2 of the Dungeon)
Scrolls
 e - a scroll of torment {unknown}
 f - 2 scrolls of amnesia
 h - a scroll of fear {unknown}
 i - a scroll of noise {unknown}
 l - a scroll of blinking {unknown}
 n - a scroll of immolation {unknown}
 o - 2 scrolls of identify {unknown}
 q - a scroll of teleportation {unknown}


   Skills:
 - Level 1.5 Dodging
 - Level 1.5 Stealth
 + Level 2.6 Shields
 - Level 2.6 Spellcasting
 + Level 7.1 Necromancy


You had 2 spell levels left.
You knew the following spells:

 Your Spells              Type           Power      Damage    Failure   Level
x - Vampiric Draining     Necr           47%        2d9       3%          3
z - Necrotise             Necr           100%       1d9       1%          1
X - Animate Dead          Necr           47%        N/A       10%         4

Your spell library contained the following spells:

 Spells                   Type           Power      Damage    Failure   Level
 Agony                    Necr           47%        N/A       28%         5


Dungeon Overview and Level Annotations

Branches:
Dungeon (4/15)
 Temple: D:4-7

Altars:
Ashenzari
Hepliaklqana
Qazlal
Ru
Wu Jian

Annotations:
D:4 Blork the orc


Innate Abilities, Weirdness & Mutations

You are immune to poison.
Your flesh is cold resistant. (rC+)
You are immune to negative energy. (rN+++)
You are immune to unholy pain and torment.
You are vulnerable to heat. (rF-)
You are in touch with the powers of death.
You do not drink.
You have a special connection with the divine. (Faith)


Message History

You kill the orc!
The dead are walking!
Aim: an orc, wielding a +0 mace (ally target, chance to affect: 93%)
You feel a surge of power!
The orc writhes in agony.
Aim: an orc, wielding a +0 mace (heavily wounded, ally target, chance to affect: 93%)
You feel a surge of power!
The orc writhes in agony.
You kill the orc!
The dead are walking!
Your magical contamination has completely faded away.
Your orc skeleton crumbles into dust!
Your orc skeleton crumbles into dust!
You hear the brisk hiss of a very distant avalanche of sand.
q - a scroll labelled UKONASTRISI You hear the quick hiss of a very distant avalanche of sand.
You see here a +0 dagger.
A hound comes into view.
A hound is nearby!
A hound is nearby!
A hound is nearby!
A hound is nearby!
Aim: a hound (asleep, chance to affect: 88%)
You feel a surge of power!
The hound barks!
The hound writhes in agony.
The hound bites you.
Aim: a hound (lightly wounded, chance to affect: 88%)
You feel a surge of power!
The hound barely resists.
The hound bites you.
Aim: a hound (chance to affect: 88%)
You feel a surge of power!
The hound writhes in agony.
You block the hound's attack. The hound barely misses you.
Aim: a hound (moderately wounded, chance to affect: 88%)
You feel a surge of power!
The hound writhes in agony!
The hound misses you.
Aim: a hound (almost dead, chance to affect: 88%)
You feel a surge of power!
The hound writhes in agony.
You kill the hound!
The dead are walking!
You can't see any susceptible monsters within range! (Use Z to cast anyway.)
Your hound skeleton crumbles into dust!
You hear the quick hiss of a very distant avalanche of sand.
There is a stone staircase leading up here.
You hear the rapid hiss of a very distant avalanche of sand.
You now have 194 gold pieces (gained 17).
Blork the orc comes into view.
He is wielding a +0 dire flail.
You don't know that spell.
Unknown command.
The spell is quite dangerous to miscast (10% risk of failure)!
Continue anyway?
You feel a surge of power!
You call upon the dead to rise.
Okay, then.
Really walk into a travel-excluded area?
Blork the orc shouts!
A phantom comes into view.
Aim: Blork the orc, wielding a +0 dire flail and wearing a +0 robe (chance to affect: 83%)
You feel a surge of power!
Blork the orc barely resists.
Blork the orc looks encouraged for a moment.
Aim: Blork the orc, wielding a +0 dire flail and wearing a +0 robe (chance to affect: 83%)
You feel a surge of power!
Blork the orc writhes in agony.
Aim: Blork the orc, wielding a +0 dire flail and wearing a +0 robe (lightly wounded, chance to affect: 83%)
You feel a surge of power!
Blork the orc barely resists.
Blork the orc casts a spell at you. The puff of flame hits you!
Aim: Blork the orc, wielding a +0 dire flail and wearing a +0 robe (lightly wounded, chance to affect: 83%)
You feel a surge of power!
Blork the orc barely resists.
Blork the orc points at you and mumbles some strange words.
The magic dart hits you!
Aim: Blork the orc, wielding a +0 dire flail and wearing a +0 robe (lightly wounded, chance to affect: 83%)
You feel a surge of power!
Blork the orc writhes in agony.
Blork the orc points at you and mumbles some strange words.
The puff of flame misses you.
You barely miss the phantom.
Blork the orc mumbles some strange words.
Blork the orc seems to speed up.
The phantom hits you but does no damage.
You closely miss the phantom. The phantom hits you.
The phantom blinks!
You blink.
Found an ornate altar of the Wu Jian Council and a broken altar of Ashenzari.
Unknown command.
You don't know that spell.
You don't have enough magic to cast this spell.
You can't drink.
Unknown command.
You barely miss Blork the orc. You closely miss the phantom.
Blork the orc misses you. The phantom hits you.
The phantom blinks!
You blink.
Blork the orc hits you with a +0 dire flail.
* * * LOW HITPOINT WARNING * * *
The phantom hits you.
* * * LOW HITPOINT WARNING * * *
The phantom blinks!
You blink.
As you read the scroll labelled ACWAIHOHIG, it crumbles to dust.
It is a scroll of amnesia.
Really abort (and waste the scroll)?
Okay, then.
The phantom hits you.
* * * LOW HITPOINT WARNING * * *
You don't have enough magic to cast this spell.
As you read the scroll labelled EMEMOTE JIOLUYR, it crumbles to dust.
It is a scroll of enchant weapon.
Your +0 heavy hand axe glows red for a moment.
Blork the orc hits you with a +0 dire flail.
You die...

##........≈#≈_≈#≈#####.##
####..#......≈#≈.≈#≈.......#
.....##......≈##.##≈#.######
....###......≈≈≈.≈≈≈#.#
.........#.......§....#
..!..........≈≈≈.≈≈≈###
...........#.≈##§##≈#
#'#....!...#. #≈o≈#≈#
..#######..# #≈@≈#≈# ### ...
#W≈≈#≈# # #. #####≈# ### ≈≈#
..# #.# #.# #.# #..


You could see Blork the orc (fast) and a phantom.

Vanquished Creatures
  A scorpion (D:4)
  2 orc priests (D:4)
  A hound (D:4)
  An iguana (D:4)
  2 orc wizards (D:4)
  5 adders
  5 worms
  4 dart slugs
  9 orcs
  8 endoplasms
  4 giant cockroaches
  6 goblins
  10 hobgoblins
  6 jackals
  8 kobolds
  6 quokkas
  3 ball pythons
  7 bats
  A frilled lizard (D:2)
  6 rats
95 creatures vanquished.

Vanquished Creatures (collateral kills)
  2 dart slugs
  An orc (D:4)
  A giant cockroach (D:1)
  A hobgoblin (D:2)
  A frilled lizard (D:1)
6 creatures vanquished.

Vanquished Creatures (others)
  4 orc zombies (D:4)
4 creatures vanquished.

Grand Total: 105 creatures vanquished

Notes
Turn   | Place    | Note
-------+----------+-------------------------------------------
     0 | D:1      | domi the Mummy Necromancer began the quest for the Orb.
     0 | D:1      | Reached XP level 1. HP: 13/13 MP: 4/4
   182 | D:1      | Reached XP level 2. HP: 19/19 MP: 0/5
   806 | D:1      | Reached skill level 5 in Necromancy
   807 | D:1      | Gained mutation: You are in touch with the powers of death.
                  | [Mummy growth]
   807 | D:1      | Reached XP level 3. HP: 24/24 MP: 1/7
   811 | D:1      | Learned a level 3 spell: Vampiric Draining
  1479 | D:2      | Reached XP level 4. HP: 30/30 MP: 2/8
  1484 | D:2      | Learned a level 4 spell: Animate Dead
  2323 | D:3      | Reached skill level 6 in Necromancy
  2833 | D:3      | Reached XP level 5. HP: 35/35 MP: 3/9
  2932 | D:3      | Found a stormy altar of Qazlal.
  3015 | D:3      | Found a sacrificial altar of Ru.
  3537 | D:4      | Reached skill level 1 in Shields
  3584 | D:4      | Identified the +6 hand axe "Tewkaycs" {flame, rF+}
  3627 | D:4      | Reached XP level 6. HP: 20/41 MP: 1/10
  3633 | D:4      | Found a hazy altar of Hepliaklqana.
  3640 | D:4      | Reached skill level 2 in Shields
  3789 | D:4      | Reached skill level 7 in Necromancy
  4026 | D:4      | Noticed Blork the orc
  4037 | D:4      | Found an ornate altar of the Wu Jian Council.
  4037 | D:4      | Found a broken altar of Ashenzari.
  4038 | D:4      | HP: 10/41 [Blork the orc/+0 dire flail (4)]
  4039 | D:4      | HP: 2/41 [phantom (5)]
  4040 | D:4      | Slain by Blork the orc

Illustrated notes

Levels and vault maps discovered:
D:1:      lightli_molten_gateway, layout_basic
D:2:      minmay_recursive_quarters, layout_loops_ring
D:3:      corexii_shack_village, layout_basic, nicolae_ru_sacrificial_ziggurat,
          grunt_qazlal_sundering, corner_web_ring,
          nicolae_kite_square_tiling_tiny
D:4:      layout_basic, mainiacjoe_overflow_paths,
          nicolae_overflow_two_pavilions, lightli_ossuary_entry_decrepit_ruins,
          minmay_manual_mess, uniq_blork_the_orc

Skill      XL: |  1  2  3  4  5  6 |
---------------+-------------------+-----
Necromancy     | 5 6 7 |  7.1
Shields        | 1 2 |  2.6
Dodging        | |  1.5
Stealth        | |  1.5
Spellcasting   | |  2.6

Action                     |  1- 3 |  4- 6 || total
---------------------------+-------+-------++-------
  Melee: Unarmed           |    36 |     6 ||    42
         Hand axe          |       |    20 ||    20
   Cast: Necrotise         |    72 |   107 ||   179
         Animate Dead      |       |     2 ||     2
  Evoke: Wand              |       |     4 ||     4
    Use: Scroll            |       |     2 ||     2
   Stab: Distracted        |       |     1 ||     1
         Sleeping          |       |     1 ||     1
 Armour: Robe              |    16 |    11 ||    27
  Dodge: Dodged            |    33 |    43 ||    76
  Block: Buckler           |       |     7 ||     7

Table legend: (Time is in decaauts)
 A = Elapsed time spent in this place.
 B = Non-inter-level travel time spent in this place.
 C = Inter-level travel time spent in this place.
 D = Time resting spent in this place.
 E = Time spent auto-exploring this place.
 F = Levels seen in this place.
 G = Mean time per level.
                   A        B        C        D        E       F      G
               +--------+--------+--------+--------+--------+-----+--------+
         Total |   4045 |   3979 |     66 |     50 |   3279 |   4 | 1011.2 |
       Dungeon |   4045 |   3979 |     66 |     50 |   3279 |   4 | 1011.2 |
               +--------+--------+--------+--------+--------+-----+--------+

Top non-repeatable levels by time:
     D:2: 1257 daAuts
     D:3: 1199 daAuts
     D:1: 1004 daAuts
     D:4: 584 daAuts

Table legend:
 A = Kills in this place as a percentage of kills in the entire game.
 B = Kills by you in this place as a percentage of kills by you in the entire game.
 C = Kills by friends in this place as a percentage of kills by friends in the entire game.
 D = Other kills in this place as a percentage of other kills in the entire game.
 E = Experience gained in this place as a percentage of experience gained in the entire game.
 F = Experience gained in this place divided by the number of levels of this place that you have seen.
                   A       B       C       D       E      F
               +-------+-------+-------+-------+-------+----------------------
         Total | 100.0 | 100.0 | 100.0 |   N/A | 100.0 | 147.2
       Dungeon | 100.0 | 100.0 | 100.0 |   N/A | 100.0 | 147.2
               +-------+-------+-------+-------+-------+----------------------
